 Dungeon Crawl Stone Soup version 0.30-a0-691-g754fce4c43 (webtiles) character file.

Game seed: 11908664246444900084

10167 bande the Cleaver (level 11, -4/68 HPs)
             Began as a Gargoyle Fighter on Jan 20, 2023.
             Was a Priest of Okawaru.
             Slain by a catoblepas (21 damage)
             ... on level 10 of the Dungeon.
             The game lasted 00:14:23 (7718 turns).

bande the Cleaver (Gargoyle Fighter)                Turns: 7718, Time: 00:14:23

Health: -4/68      AC: 25    Str: 21    XL:     11   Next: 57%
Magic:  13/13      EV:  7    Int:  8    God:    Okawaru [***...]
Gold:   547        SH: 12    Dex: 19    Spells: 10/10 levels left

rFire   + . .      SeeInvis .    a - +1 war axe (spect)
rCold   . . .      Faith    .    c - +0 buckler
rNeg    + . .      Spirit   .    A - +0 chain mail
rPois   ∞          Reflect  +    w - +2 helmet
rElec   +          Harm     .    (no cloak)
rCorr   .          Rampage  .    u - +0 pair of gloves
Will    .....                    q - +1 pair of boots Stlth
                                 h - amulet of reflection
HPRegen 0.31/turn                g - +6 ring of dexterity
MPRegen 0.13/turn                v - ring of protection from fire

@: studying Short Blades
A: sickness immunity, AC +8, negative energy resistance 1, electricity
resistance, torment resistance 1, petrification resistance
a: Renounce Religion, Heroism


You were on level 10 of the Dungeon.
You worshipped Okawaru.
Okawaru was most pleased with you.
You visited 2 branches of the dungeon, and saw 11 of its levels.

You collected 547 gold pieces.

Inventory:

Hand Weapons
 a - a +1 spectral war axe (weapon)
 C - a +0 flail
 E - a +0 war axe
Missiles
 z - 4 throwing nets (quivered)
Armour
 c - a +0 buckler (worn)
 q - a +1 pair of boots (worn)
 u - a +0 pair of gloves (worn)
 w - a +2 helmet (worn)
 A - a +0 chain mail (worn)
Jewellery
 g - a +6 ring of dexterity (left hand)
 h - an amulet of reflection (around neck)
 j - the ring of Gath {Fly rElec rPois Will- Int+6}
   (You found it on level 2 of the Dungeon)

   [ring of intelligence]

   Int:       It affects your intelligence (+6).
   rElec:     It insulates you from electricity.
   rPois:     It protects you from poison.
   Fly:       It grants you flight.
   Will:      It decreases your willpower.
 t - a +6 ring of intelligence
 v - a ring of protection from fire (right hand)
 B - a ring of protection from cold
 J - a ring of magical power
 L - a +6 ring of strength
 M - a ring of flight
 N - a +6 ring of strength
Wands
 x - a wand of flame (13)
 D - a wand of mindburst (11)
 K - a wand of charming (7)
Scrolls
 r - a scroll of blinking
 y - 4 scrolls of teleportation
 F - 2 scrolls of enchant armour
 G - a scroll of fear
 H - 2 scrolls of magic mapping
 O - a scroll of silence
 P - a scroll of fog
Potions
 d - 3 potions of might
 e - 2 potions of brilliance
 f - 2 potions of curing
 i - 2 potions of heal wounds
 l - a potion of invisibility
 m - a potion of flight {unknown}
 n - a potion of berserk rage {unknown}
 o - 5 potions of ambrosia
 p - a potion of lignification {unknown}
 s - a potion of cancellation {unknown}
 I - a potion of haste


   Skills:
 + Level 7.6 Fighting
 + Level 11.0 Axes
 + Level 7.5 Armour
 - Level 0.1 Stealth
 + Level 8.8 Shields
 * Level 3.8 Invocations
 * Level 5.4 Evocations


You had 10 spell levels left.
You didn't know any spells.
Your spell library contained the following spells:

 Spells                   Type           Power      Damage    Failure   Level
 Beastly Appendage        Tmut           0%         N/A       99%         1
 Wereblood                Tmut           0%         N/A       99%         2
 Ignite Poison            Fire/Tmut/Pois 0%         N/A       100%        3
 Kindle Blastsparks       Fire/Tloc/Air  0%         2d10      100%        3
 Portal Projectile        Hex/Tloc       0%         N/A       100%        3
 Spider Form              Tmut/Pois      0%         N/A       100%        3
 Leda's Liquefaction      Hex/Erth       0%         N/A       100%        4
 Passage of Golubria      Tloc           0%         N/A       100%        4
 Freezing Cloud           Conj/Ice/Air   0%         6-21      100%        5
 Silence                  Hex/Air        0%         N/A       100%        5
 Lehudib's Crystal Spear  Conj/Erth      0%         10d2      100%        8
 Call Canine Familiar     Summ           Unusable   N/A       N/A         3

Dungeon Overview and Level Annotations

Branches:
Dungeon (10/15)            Temple (1/1) D:7             Orc (0/2) D:9
   Lair: D:8-11

Altars:
Cheibriados
Dithmenos
Fedhas
Gozag
Hepliaklqana
Kikubaaqudgha
Makhleb
Nemelex Xobeh
Okawaru
Qazlal
Sif Muna
Yredelemnul
Zin

Annotations:
D:5 1 runed translucent door


Innate Abilities, Weirdness & Mutations

You are immune to sickness and miasma.
Your stone body is resilient. (AC +8)
You are immune to poison.
You resist negative energy. (rN+)
You are resistant to electric shocks. (rElec)
You are resistant to unholy torment.
You are immune to petrification.


Message History

You slice the two-headed ogre!!
You kill the two-headed ogre!
Okawaru is honoured by your kill.
You slash the catoblepas! You slash the two-headed ogre!
Your +1 spectral war axe hits the catoblepas!!
Your +1 spectral war axe hits the basilisk!
Your +1 spectral war axe hits the boulder beetle but does no damage.
Your +1 spectral war axe hits the two-headed ogre!
The basilisk barely misses your +1 spectral war axe.
You block the two-headed ogre's attack. The two-headed ogre barely misses you.
The boulder beetle curls into a ball and begins rolling!
The catoblepas breathes a plume of calcifying dust at you.
The blast of calcifying dust hits you.
Your Axes skill increases to level 11!
You hit the two-headed ogre but do no damage.
The two-headed ogre is heavily wounded.
You hit the catoblepas.
Your +1 spectral war axe hits the catoblepas!
Your +1 spectral war axe hits the basilisk.
Your +1 spectral war axe hits the boulder beetle.
Your +1 spectral war axe hits the two-headed ogre.
You block the catoblepas's attack.
The boulder beetle hits your +1 spectral war axe!
Your spectral weapon shares its damage with you!
The boulder beetle stops rolling and uncurls.
The basilisk misses your +1 spectral war axe.
You block the two-headed ogre's attack.
The two-headed ogre hits you with a +0 giant spiked club!!
* * * LOW HITPOINT WARNING * * *
The catoblepas gores you but does no damage.
You are too injured to fight recklessly!
You are too injured to fight recklessly!
You are too injured to fight recklessly!
You are too injured to fight recklessly!
You are too injured to fight recklessly!
You slash the basilisk!
The basilisk is heavily wounded.
You barely miss the catoblepas. You slash the two-headed ogre!
The catoblepas gores you!!
You die...

.# ..# ...# #######
....# #.....#
.#(#.####...# ......#
#...# [#.#..O##..†#
.)...Bl@§...#
|#.#..Y#....##### #
.....O##........########
.#.#.# #........+......#
...9# #.........#......#
...# #########.#......#
..# ........#......' .#
........#......#
........'.######


You could see a catoblepas, a boulder beetle (ally target), 2 two-headed ogres,
a basilisk, a gargoyle and a friendly +1 spectral war axe (summoned).

Vanquished Creatures
  2 two-headed ogres
  Pikel (D:6)
  A cyclops (D:9)
  The ghost of Loveship the Chiller, a novice DsIE (D:5)
  Maggie (D:6)
  A troll (D:9)
  Grinder (D:4)
  A hornet (D:7)
  A slime creature (D:7)
  2 wraiths (D:7)
  2 wyverns
  6 yaks (D:9)
  2 vampire mosquitoes (D:7)
  3 steam dragons
  3 water moccasins
  An orc warrior (D:7)
  An ice beast (D:5)
  2 sky beasts
  5 black bears
  2 ogres
  4 phantoms
  6 centaurs
  4 lemures (D:6)
  3 kobold brigands
  7 bullfrogs
  A gnoll sergeant (D:5)
  3 scorpions
  5 necrophages
  3 wights (D:9)
  3 killer bees (D:8)
  7 howler monkeys
  8 hounds
  2 gnoll boudas
  3 jellies
  Jessica (D:2)
  4 iguanas
  Ijyb (D:5)
  3 orc wizards
  3 adders
  23 gnolls
  A river rat (D:5)
  2 white imps
  2 ufetubi (D:5)
  A worm (D:4)
  3 dart slugs
  29 orcs
  7 bats
  11 endoplasms
  4 giant cockroaches
  8 goblins
  8 hobgoblins
  11 jackals (D:5)
  4 quokkas
  9 ball pythons
  2 frilled lizards
  21 kobolds
  4 rats
  A bush (D:9)
261 creatures vanquished.

Vanquished Creatures (others)
  An adder (D:6)
  7 plants
  3 withered plants
11 creatures vanquished.

Grand Total: 272 creatures vanquished

Notes
Turn   | Place    | Note
-------+----------+-------------------------------------------
     0 | D:1      | bande the Gargoyle Fighter began the quest for the Orb.
     0 | D:1      | Reached XP level 1. HP: 14/14 MP: 1/1
   176 | D:1      | Reached XP level 2. HP: 19/19 MP: 2/2
   351 | D:1      | Reached skill level 2 in Axes
   522 | D:1      | Reached XP level 3. HP: 18/23 MP: 3/3
   949 | D:2      | Noticed Jessica
   954 | D:2      | Killed Jessica
   955 | D:2      | Reached XP level 4. HP: 24/29 MP: 4/4
  1040 | D:2      | Identified the ring of Gath {Fly rElec rPois Will- Int+6}
  1565 | D:2      | You fall into a shaft and drop 2 floors!
  1577 | D:4      | Noticed Grinder
  1586 | D:4      | Killed Grinder
  1587 | D:4      | Reached skill level 4 in Axes
  1587 | D:4      | Reached XP level 5. HP: 33/33 MP: 5/5
  1587 | D:4      | Reached XP level 6. HP: 38/38 MP: 6/6
  1910 | D:3      | Found an ancient bone altar of Kikubaaqudgha.
  2373 | D:4      | Reached skill level 5 in Armour
  2373 | D:4      | Reached XP level 7. HP: 35/44 MP: 7/7
  2406 | D:4      | Found a stormy altar of Qazlal.
  2427 | D:4      | Reached skill level 5 in Axes
  2758 | D:4      | Reached skill level 5 in Shields
  3133 | D:5      | Entered Level 5 of the Dungeon
  3144 | D:5      | Reached XP level 8. HP: 48/48 MP: 8/8
  3231 | D:5      | Reached skill level 5 in Fighting
  3244 | D:5      | Reached skill level 6 in Axes
  3264 | D:5      | Noticed Ijyb
  3286 | D:5      | Killed Ijyb
  3324 | D:5      | Found a basalt altar of Yredelemnul.
  3376 | D:5      | Found a runed translucent door.
  3377 | D:5      | Noticed Loveship's ghost (novice DsIE)
  3497 | D:5      | Found a runed translucent door.
  3616 | D:5      | Reached skill level 7 in Axes
  3648 | D:5      | Found an opulent altar of Gozag.
  3648 | D:5      | Found a shimmering blue altar of Sif Muna.
  4030 | D:5      | Reached XP level 9. HP: 55/55 MP: 9/9
  4038 | D:5      | Killed Loveship's ghost
  4039 | D:5      | Reached skill level 1 in Evocations
  4510 | D:6      | Reached skill level 8 in Axes
  4511 | D:6      | Noticed Maggie
  5004 | D:6      | Killed Maggie
  5277 | D:6      | Found a hazy altar of Hepliaklqana.
  5384 | D:6      | Noticed Pikel
  5395 | D:6      | Killed Pikel
  5396 | D:6      | Reached XP level 10. HP: 55/61 MP: 10/10
  5402 | D:6      | Reached skill level 9 in Axes
  5738 | D:7      | Found a shadowy altar of Dithmenos.
  5955 | D:7      | Found a staircase to the Ecumenical Temple.
  6012 | Temple   | Entered the Ecumenical Temple
  6019 | Temple   | Became a worshipper of Warmaster Okawaru
  6116 | D:7      | Identified the +1 robe of the Lost Defenders {Rampage Will-
                  | Str+4}
  6193 | D:7      | Noticed a two-headed ogre
  6202 | D:7      | Reached skill level 10 in Axes
  6202 | D:7      | Reached skill level 1 in Invocations
  6206 | D:7      | Killed a two-headed ogre
  6206 | D:7      | Reached * piety under Okawaru
  6213 | D:7      | Reached XP level 11. HP: 45/67 MP: 10/12
  6298 | D:7      | Found a shadowy altar of Dithmenos.
  6381 | D:7      | Found a sparkling altar of Nemelex Xobeh.
  6491 | D:8      | Reached ** piety under Okawaru
  6897 | D:9      | Found a staircase to the Orcish Mines.
  7003 | D:9      | Noticed a cyclops
  7007 | D:9      | Reached skill level 5 in Evocations
  7010 | D:9      | Killed a cyclops
  7432 | D:9      | Reached *** piety under Okawaru
  7532 | D:9      | Found a snail-covered altar of Cheibriados.
  7663 | D:10     | Entered Level 10 of the Dungeon
  7707 | D:10     | Noticed a catoblepas
  7708 | D:10     | Noticed a two-headed ogre
  7708 | D:10     | Noticed a two-headed ogre
  7709 | D:10     | Noticed a boulder beetle
  7712 | D:10     | Noticed a two-headed ogre
  7716 | D:10     | Killed a two-headed ogre
  7717 | D:10     | Reached skill level 11 in Axes
  7718 | D:10     | Slain by a catoblepas

Illustrated notes

Levels and vault maps discovered:
D:1:      roderic_crop_circles_arrival_small, layout_basic,
          minmay_misc_feat_pillars
D:2:      layout_basic, uniq_jessica
D:3:      layout_basic, kiku_gazebo_garden_becter
D:4:      layout_basic, mainiacjoe_overflow_cross_hatched, uniq_grinder
D:5:      lemuel_castle_with_subvaults [lemuel_castle_interior_carwin_3],
          layout_loops_ring, yredelemnul_altar_generic,
          amethyst_overflow_temple_binary, ebering_ghost_sewer_f, uniq_ijyb
D:6:      layout_gridville, mainiacjoe_overflow_tiny_flanked, uniq_pikel,
          uniq_maggie
D:7:      minmay_the_grid_octo_2x2 [minmay_the_grid_octo_empty,
          minmay_the_grid_octo_thin_diamonds,
          minmay_the_grid_octo_vomiting_pacman,
          minmay_the_grid_octo_prize_ultimate_mussel_roller], layout_basic,
          marbit_many_paths, nemelex_xobeh_ov_fountains_minmay,
          minmay_temple_entry_statues_pillars, serial_curves, eino_curves_03,
          eino_curves_04
D:8:      layout_cave_pools
D:9:      layout_roguey, general_overflow_altar, orc_0_dummy,
          kb_lookout_dungeons_type
D:10:     minmay_roctagon, layout_stronghold, gammafunk_ghost_nasty_kobolds,
          enter_bailey_4
Temple:   nicolae_temple_ecumenical_triangle

Skill      XL: |  1  2  3  4  5  6  7  8  9 10 11 |
---------------+----------------------------------+-----
Axes           | 2 4 5 7 8 10 11 | 11.0
Fighting       | 4 5 6 7 |  7.6
Armour         | 4 5 6 7 |  7.5
Shields        | 4 5 6 7 8 |  8.8
Evocations     | 3 4 5 |  5.4
Invocations    | 2 3 |  3.8
Stealth        | |  0.1

Action                   |  1- 3 |  4- 6 |  7- 9 | 10-12 || total
-------------------------+-------+-------+-------+-------++-------
Melee: War axe           |    55 |    69 |   170 |   195 ||   489
  Use: Scroll            |     5 |     4 |     5 |     7 ||    21
       Potion            |       |       |     1 |       ||     1
 Stab: Distracted        |       |       |     2 |       ||     2
       Petrified         |       |       |       |     2 ||     2
Armor: Scale mail        |    25 |    23 |    32 |       ||    80
       Chain mail        |       |       |    38 |    94 ||   132
Dodge: Dodged            |    19 |    26 |    38 |    49 ||   132
Block: Buckler           |    14 |    33 |    92 |   139 ||   278
       Reflection        |       |     3 |     2 |    11 ||    16

Table legend: (Time is in decaauts)
 A = Elapsed time spent in this place.
 B = Non-inter-level travel time spent in this place.
 C = Inter-level travel time spent in this place.
 D = Time resting spent in this place.
 E = Time spent auto-exploring this place.
 F = Levels seen in this place.
 G = Mean time per level.
                   A        B        C        D        E       F      G
               +--------+--------+--------+--------+--------+-----+--------+
         Total |   7823 |   7472 |    351 |    766 |   5066 |  11 |  711.2 |
       Dungeon |   7808 |   7457 |    351 |    766 |   5066 |  10 |  780.8 |
        Temple |     14 |     14 |      0 |      0 |      0 |   1 |   14.0 |
               +--------+--------+--------+--------+--------+-----+--------+

Top non-repeatable levels by time:
     D:5: 2094 daAuts
     D:2: 1144 daAuts
     D:4: 875 daAuts
     D:7: 813 daAuts
     D:1: 807 daAuts
     D:9: 765 daAuts
     D:6: 478 daAuts
     D:8: 413 daAuts
     D:3: 361 daAuts
    D:10: 54 daAuts
  Temple: 14 daAuts
